 Dungeon Crawl Stone Soup version 0.30-a0-870-gc5d4c5acee (webtiles) character file.

Game seed: 7402482915243206819

109 M4edhros the Ducker (level 4, -5/31 HPs)
             Began as an Octopode Artificer on Mar 11, 2023.
             Killed by nerve-wracking pain
             ... invoked by an orc priest
              (12 damage)
             ... on level 4 of the Dungeon.
             The game lasted 00:01:02 (118 turns).

M4edhros the Ducker (Octopode Artificer)             Turns: 118, Time: 00:01:04

Health: -5/31      AC:  1    Str: 11    XL:     4   Next: 89%
Magic:  4/4        EV: 14    Int: 13    God:
Gold:   11         SH:  0    Dex: 14    Spells: 3/3 levels left

rFire   . . .      SeeInvis .    (no weapon)
rCold   . . .      Faith    .    (no shield)
rNeg    . . .      Spirit   .    (helmet restricted)
rPois   .          Reflect  .    (no amulet)
rElec   .          Rampage  .    (no ring)
rCorr   .                        (no ring)
Will    .....                    (no ring)
Stlth   +++                      (no ring)
HPRegen 0.25/turn                (no ring)
MPRegen 0.09/turn                (no ring)
                                 (no ring)
                                 (no ring)

@: no status effects
A: almost no armour, amphibious, 8 rings, camouflage 1, gelatinous body 1,
(nimble swimmer 1), tentacles
a: no special abilities


You were on level 4 of the Dungeon.
You visited 1 branch of the dungeon, and saw 4 of its levels.

You collected 11 gold pieces.

Inventory:

Wands
 b - a wand of flame (13) (quivered)
 c - a wand of charming (14)
 d - a wand of iceblast (3)
Scrolls
 a - a scroll of enchant weapon {unknown}
Potions
 e - a potion of resistance {unknown}


   Skills:
 + Level 3.2 Fighting
 + Level 3.9 Dodging
 - Level 1.3 Stealth
 - Level 3.2 Evocations


You had 3 spell levels left.
You didn't know any spells.
Your spell library was empty.

Dungeon Overview and Level Annotations

Branches:
Dungeon (4/15)
 Temple: D:4-7

Altars:


Innate Abilities, Weirdness & Mutations

You cannot wear most types of armour.
You are amphibious.
You can wear up to eight rings at the same time.
Your skin changes colour to match your surroundings (Stealth+).
Your rubbery body absorbs attacks. (AC +1, EV +1)
((You are camouflaged when in or above water. (Stealth+)))
You have tentacles for arms and can constrict up to eight enemies at once.


Message History

You kill the giant cockroach!
You constrict the orc. The orc hits you with a +0 falchion.
You tentacle-slap the orc priest. You grab the orc priest.
The orc priest is lightly wounded.
You constrict the orc priest.
You constrict the orc, but do no damage.
The orc hits you with a +0 falchion. The orc priest misses you.
You barely miss the orc priest.
You squeeze the orc priest, but do no damage.
The orc priest is lightly wounded.
You constrict the orc priest. You constrict the orc.
You kill the orc!
The orc priest barely misses you.
You tentacle-slap the orc priest.
The orc priest is moderately wounded.
You constrict the orc priest. The orc priest hits you with a +0 club.
You tentacle-slap the orc priest.
The orc priest is heavily wounded.
You constrict the orc priest.
A scorpion comes into view.
An orc priest comes into view. It is wielding a +0 short sword.
The orc priest hits you with a +0 club.
The scorpion moves out of view.
You tentacle-slap the orc priest.
The orc priest is severely wounded.
You constrict the orc priest.
The orc priest mumbles some strange prayers to Beogh against you.
Pain shoots through your body!
* * * LOW HITPOINT WARNING * * *
Okay, then.
You tentacle-slap the orc priest.
You kill the orc priest!
Your Fighting skill increases to level 3!
Aiming: Charm
Press: ? - help, Shift-Dir - straight line, f - orc priest
Aim: an orc priest, wielding a +0 short sword (chance to affect: 57%)
The orc priest resists with significant effort.
You hear a shout! x2
The orc priest invokes the aid of Beogh against you.
Pain shoots through your body!
You die...

#.# .#.. #.# ...
#.# ..#
##.######.)#
#........o###
#....##.o...#
#..#@##.)...#
#.).))o.....#
#.....#.#.......#
##......###.....#
#.######
#......... ..
#.....#### ##
#######


You could see an orc priest.

Vanquished Creatures
  An orc priest (D:4)
  A gnoll bouda (D:4)
  4 gnolls (D:4)
  An orc (D:4)
  A giant cockroach (D:4)
  4 jackals (D:2)
  A kobold (D:4)
  A rat (D:2)
14 creatures vanquished.

Notes
Turn   | Place    | Note
-------+----------+-------------------------------------------
     0 | D:1      | M4edhros the Octopode Artificer began the quest for the
                  | Orb.
     0 | D:1      | Reached XP level 1. HP: 13/13 MP: 1/1
    90 | D:4      | Reached XP level 2. HP: 16/18 MP: 2/2
    98 | D:4      | Reached XP level 3. HP: 23/24 MP: 3/3
   100 | D:4      | Reached XP level 4. HP: 30/30 MP: 4/4
   115 | D:4      | Noticed a scorpion
   118 | D:4      | Killed from afar by an orc priest

Illustrated notes

Levels and vault maps discovered:
D:1:      lightli_arrival_statue_moat, layout_basic
D:2:      layout_basic, minmay_snake_closets
D:3:      layout_rooms, dreamdust_mushroom_princess
D:4:      layout_rooms, mainiacjoe_overflow_surrounded_room, item_on_display_a

Skill      XL: |  1  2  3  4 |
---------------+-------------+-----
Fighting       | 2 3 |  3.2
Dodging        | 3 |  3.9
Stealth        | |  1.3
Evocations     | |  3.2

Action                     |  1- 3 |  4- 6 || total
---------------------------+-------+-------++-------
  Melee: Unarmed           |    22 |    12 ||    34
         Constrict         |     4 |     2 ||     6
         Tentacles         |     1 |     2 ||     3
  Evoke: Wand              |     3 |     2 ||     5
   Stab: Sleeping          |     2 |       ||     2
 Armour: Skin              |     2 |     1 ||     3
  Dodge: Dodged            |    16 |     7 ||    23

Table legend: (Time is in decaauts)
 A = Elapsed time spent in this place.
 B = Non-inter-level travel time spent in this place.
 C = Inter-level travel time spent in this place.
 D = Time resting spent in this place.
 E = Time spent auto-exploring this place.
 F = Levels seen in this place.
 G = Mean time per level.
                   A        B        C        D        E       F      G
               +--------+--------+--------+--------+--------+-----+--------+
         Total |    117 |    117 |      0 |      0 |      0 |   4 |   29.2 |
       Dungeon |    117 |    117 |      0 |      0 |      0 |   4 |   29.2 |
               +--------+--------+--------+--------+--------+-----+--------+

Top non-repeatable levels by time:
     D:4: 32 daAuts
     D:1: 30 daAuts
     D:2: 27 daAuts
     D:3: 26 daAuts
